 Dungeon Crawl Stone Soup version 0.23.1 (webtiles) character file.

Game seed: 17691379085217209625

460 gohu the Shield-Bearer (level 7, -3/44 HPs)
             Began as a Gargoyle Fighter on Mar 17, 2019.
             Slain by Sigmund
             ... wielding a +2 antimagic scythe
              (8 damage)
             ... on level 4 of the Dungeon.
             The game lasted 00:05:15 (2606 turns).

gohu the Shield-Bearer (Gargoyle Fighter)           Turns: 2606, Time: 00:05:15

Health: -3/44      AC: 13    Str: 20    XL:     7   Next: 7%
Magic:  0/7        EV:  7    Int:  8    God:
Gold:   145        SH: 10    Dex: 11    Spells: 6/6 levels left

rFire    . . .     SeeInvis .   a - +0 flail
rCold    . . .     Gourm    .   c - +0 shield
rNeg     + . .     Faith    .   b - +0 scale mail
rPois    ∞         Spirit   +   u - +1 hat
rElec    +         Reflect  .   k - scarf {Spirit}
rCorr    .         Harm     .   (no gloves)
MR       .....                  (no boots)
Stlth    ..........             (no amulet)
HPRegen  0.14/turn              (no ring)
MPRegen  0.10/turn              (no ring)

@: no status effects
A: negative energy resistance 1, electricity resistance, unbreathing,
petrification resistance, rot immunity, AC +4
a: no special abilities


You were on level 4 of the Dungeon.
You were not hungry.

You visited 1 branch of the dungeon, and saw 4 of its levels.

You collected 145 gold pieces.

Inventory:

Hand Weapons
 a - a +0 flail (weapon)
Armour
 b - a +0 scale mail (worn)
 c - a +0 shield (worn)
 k - a scarf of spirit shield (worn)
 u - a +1 hat (worn)
Jewellery
 v - an uncursed amulet of the acrobat {unknown}
Scrolls
 i - a scroll of magic mapping {unknown}
 j - a scroll of amnesia {unknown}
 l - a scroll of teleportation {unknown}
 m - 2 scrolls of blinking {unknown}
 n - 2 scrolls of immolation {unknown}
 o - 4 scrolls of identify {unknown}
 r - 2 scrolls of enchant weapon {unknown}
 t - a scroll of fog {unknown}
Potions
 d - 2 potions of might
 e - a potion of curing {unknown}
 g - 2 potions of flight {unknown}
 h - a potion of ambrosia {unknown}
 p - a potion of haste {unknown}
 q - a potion of resistance {unknown}
 s - a potion of invisibility {unknown}
Comestibles
 f - 2 rations


   Skills:
 + Level 5.1 Fighting
 + Level 4.0 Maces & Flails
 + Level 5.1 Armour
 + Level 5.1 Shields


You had 6 spell levels left.
You didn't know any spells.
Your spell library was empty.

Dungeon Overview and Level Annotations

Branches:
Dungeon (4/15)
 Temple: D:4-7

Altars:
Ashenzari
Fedhas
Makhleb
Nemelex Xobeh

Annotations:
D:4 Sigmund


Innate Abilities, Weirdness & Mutations

You are resistant to torment.
Your stone body is resilient. (AC +4)
You are immune to poison.
You resist negative energy. (rN+)
You are resistant to electric shocks. (rElec)
You can survive without breathing.
You are immune to petrification.
You are immune to rotting.


Message History

You feel your power leaking away.
You closely miss something. You closely miss something. Something hits you.
You feel your power leaking away.
Your scale mail prevents you from hitting something.
Something hits you!
* * * LOW HITPOINT WARNING * * *
You barely miss something.
You hear some strange, mumbled words.
A puff of flame appears from out of thin air!
The puff of flame hits you.
* * * LOW HITPOINT WARNING * * *
You hit something but do no damage. Something hits you.
* * * LOW HITPOINT WARNING * * *
You closely miss something.
You hear some strange, mumbled words.
A magic dart appears from out of thin air!
The magic dart hits you but does no damage.
You miss something. Something hits you!
You die...

#.......# #..## #.##.##.#
#.## #. #.##.# #.# #
#....# #+# #{# #....# #.#
#.# ##...# #.# #.#
##..######.########.#
.####..................#
#........###...@{########
######.#.# ##...## #.#.#
##.## #...# ### #####


There were no monsters in sight!

Vanquished Creatures
  Grinder (D:3)
  A necrophage (D:2)
  An orc priest (D:3)
  Jessica (D:2)
  6 adders (D:2)
  3 oozes
  2 worms
  2 dart slugs
  3 leopard geckos
  3 orcs
  6 bats
  7 giant cockroaches
  3 goblins
  3 hobgoblins
  2 jackals (D:2)
  3 frilled lizards
  3 kobolds
  8 rats
58 creatures vanquished.

Notes
Turn   | Place    | Note
-------+----------+-------------------------------------------
     0 | D:1      | gohu the Gargoyle Fighter began the quest for the Orb.
     0 | D:1      | Reached XP level 1. HP: 14/14 MP: 1/1
   322 | D:1      | Reached XP level 2. HP: 19/19 MP: 2/2
   674 | D:2      | Noticed Jessica
   684 | D:2      | Killed Jessica
   684 | D:2      | Reached XP level 3. HP: 20/24 MP: 3/3
   700 | D:2      | Found a shattered altar of Ashenzari.
   701 | D:2      | Found a sparkling altar of Nemelex Xobeh.
   703 | D:2      | Found a burning altar of Makhleb.
   787 | D:2      | Reached XP level 4. HP: 29/29 MP: 4/4
   931 | D:2      | Noticed a necrophage
   946 | D:2      | Killed a necrophage
   946 | D:2      | Reached XP level 5. HP: 28/34 MP: 5/5
  1417 | D:3      | Reached XP level 6. HP: 33/39 MP: 6/6
  1463 | D:3      | Noticed Grinder
  1472 | D:3      | Paralysed by Grinder for 2 turns
  1494 | D:3      | Killed Grinder
  1494 | D:3      | Reached skill level 5 in Fighting
  1494 | D:3      | Reached skill level 5 in Armour
  1494 | D:3      | Reached skill level 5 in Shields
  1536 | D:3      | Found a faded altar of an unknown god.
  1686 | D:3      | Reached XP level 7. HP: 19/44 MP: 2/7
  2050 | D:3      | Found a blossoming altar of Fedhas.
  2556 | D:4      | Noticed Sigmund
  2606 | D:4      | Slain by Sigmund

Skill      XL: |  1  2  3  4  5  6  7 |
---------------+----------------------+-----
Fighting       | 4 5 |  5.1
Shields        | 4 5 |  5.1
Armour         | 4 5 |  5.1
Maces & Flails | 3 4 |  4.0

Action                   |  1- 3 |  4- 6 |  7- 9 || total
-------------------------+-------+-------+-------++-------
Melee: Flail             |    62 |   124 |    61 ||   247
  Eat: Chunk             |       |     1 |     1 ||     2
       Ration            |       |     1 |       ||     1
Armor: Scale mail        |    30 |    61 |    33 ||   124
Dodge: Dodged            |    27 |    32 |    17 ||    76
Block: Shield            |    33 |    55 |    26 ||   114
